[Event "7th Sharjah Challengers 2024"]
[Site "Sharjah"]
[Date "2024.05.15"]
[Round "2.12"]
[White "Viani Antonio Dcunha"]
[Black "Jaiveer Mahendru"]
[Result "1-0"]
[ECO "C82"]
[WhiteElo "2394"]
[BlackElo "2243"]
[Annotator "TA"]
[PlyCount "89"]
[EventDate "2024.05.13"]
[EventType "swiss"]
[EventCountry "UAE"]
[SourceTitle "playchess.com"]
[Source "ChessBase"]
[SourceQuality "1"]
[TimeControl "5400+30"]

1. e4 e5 2. Nf3 Nc6 3. Bb5 a6 4. Ba4 Nf6 5. O-O Nxe4 6. d4 b5 7. Bb3 d5 8. dxe5 Be6 9. c3 Bc5 10. Nbd2 O-O 11. Bc2 Nxf2 12. Rxf2 f6 13. Nf1 {[%emt 0:02:14] [#] Threatens to win with Be3.} Bxf2+ 14. Kxf2 fxe5 15. Kg1 {[%emt 0:00:36][%cal Oc2h7] Strongly threatening Bxh7+! The position is equal.} Qd6 16. Ng5 Bf5 17. Bxf5 Rxf5 18. Qd3 e4 19. Qh3 {[%emt 0:01:41][%csl LRf5,LRh7] Chess con chili.} Qg6 20. Ng3 $1 Rf6 {[%emt 0:33:40] ...h6 is the strong threat.} (20... Rxg5 $2 21. Bxg5 Ne5 (21... Qxg5 $2 22. Qe6+ Kh8 23. Qxc6 $18) 22. Be3 $18) 21. Qd7 $2 (21. Nh5 $11 {and White has nothing to worry.} Rf5 22. Ng3) 21... Rd8 $19 22. Qxc7 h6 23. Nh3 Qf7 $2 (23... Qe8 $17 {Hoping for ...e3.} 24. Bf4 d4) 24. Qxf7+ $11 Kxf7 25. Nf2 b4 26. Be3 bxc3 27. bxc3 Rb8 28. Nh5 (28. Rd1 $14) 28... Rf5 29. Ng3 (29. Nf4 $11) 29... Rf6 $14 30. Rd1 $36 {[%emt 0:02:00][%mdl 2048] White is pushing.} Rb5 $2 {[%emt 0:02:28] [#]} (30... Rb2 $1 $14) 31. c4 $1 $18 dxc4 32. Nfxe4 Re6 33. Nd6+ {[%emt 0:00:22] Excellent horsemanship.} Kg8 34. Nxb5 ({Stronger than} 34. Nxc4 Na5 35. Nxa5 Rxa5 36. Rd8+ Kh7 $11) 34... axb5 35. Nf1 Nb4 (35... b4 $142 36. Rd5 c3) 36. Rd8+ Kh7 37. Rb8 Nc2 38. Bd2 Nd4 39. Ng3 Ne2+ 40. Nxe2 Rxe2 41. Rd8 g5 42. a3 {[%emt 0:01:27] White is clearly winning.} Kg6 43. Rd5 g4 44. Kf1 Re6 45. Rxb5 {[%emt 0:00:16] Never resign too early!   Weighted Error Value: White=0.16 (very precise) /Black=0.32.  Loses game:     	White=1     	Black=1      Mistake:       	White=2     	Black=2      Inaccurate:     	White=1     	Black=3      OK:         	White=14    	Black=10     Best:        	White=6     	Black=4      Strong:       	White=1     	---        Brilliant:      	White=1     	---} 1-0